 Dungeon Crawl Stone Soup version 0.29.1-12-g30fa7ad0bf (webtiles) character file.

Game seed: 8829428489877484304

116 nachturnus the Cudgeller (level 5, -1/31 HPs)
             Began as a Gargoyle Gladiator on Jan 3, 2023.
             Slain by an endoplasm (2 damage)
             ... on level 2 of the Dungeon.
             The game lasted 00:04:19 (1541 turns).

nachturnus the Cudgeller (Gargoyle Gladiator)       Turns: 1541, Time: 00:04:20

Health: -1/31      AC: 12    Str: 20    XL:     5   Next: 0%
Magic:  5/5        EV: 16    Int:  8    God:
Gold:   50         SH:  0    Dex: 11    Spells: 4/4 levels left

rFire   + . .      SeeInvis .   a - +0 flail
rCold   . . .      Faith    .   (no shield)
rNeg    + . .      Spirit   .   n - +1 leather armour {rF+}
rPois   ∞          Reflect  .   i - +0 helmet
rElec   +          Harm     .   p - +2 cloak
rCorr   .          Rampage  .   (no gloves)
Will    .....                   (no boots)
Stlth   +.........              (no amulet)
HPRegen 0.10/turn               j - +4 ring of evasion
MPRegen 0.09/turn               (no ring)

@: no status effects
A: sickness immunity, AC +4, negative energy resistance 1, electricity
resistance, torment resistance 1, petrification resistance
a: no special abilities


You were on level 2 of the Dungeon.
You visited 1 branch of the dungeon, and saw 2 of its levels.

You collected 50 gold pieces.

Inventory:

Hand Weapons
 a - a +0 flail (weapon)
Missiles
 d - 3 throwing nets (quivered)
 e - a javelin
Armour
 b - a +0 leather armour
 c - a +0 helmet
 i - a +0 helmet (worn)
 n - a +1 leather armour of fire resistance (worn)
 p - a +2 cloak (worn)
Jewellery
 j - a +4 ring of evasion (left hand)
Potions
 f - a potion of degeneration {unknown}
 g - a potion of cancellation {unknown}
 h - a potion of heal wounds {unknown}
 k - a potion of might {unknown}
 l - a potion of resistance {unknown}
 m - a potion of flight {unknown}


   Skills:
 - Level 2.4 Fighting
 + Level 5.2 Maces & Flails
 - Level 1.9 Throwing
 - Level 2.5 Dodging


You had 4 spell levels left.
You didn't know any spells.
Your spell library was empty.

Dungeon Overview and Level Annotations

Branches:
Dungeon (2/15)

Altars:

Annotations:
D:2 1 runed translucent door, Crazy Yiuf, Natasha, Robin


Innate Abilities, Weirdness & Mutations

You are immune to sickness and miasma.
Your stone body is resilient. (AC +4)
You are immune to poison.
You resist negative energy. (rN+)
You are resistant to electric shocks. (rElec)
You are resistant to unholy torment.
You are immune to petrification.


Message History

The endoplasm freezes you.
You are frozen.
Natasha casts a spell.
The white imp gestures at you. The puff of frost misses you.
You closely miss the white imp. The endoplasm freezes you.
You are frozen.
* * * LOW HITPOINT WARNING * * *
The white imp closely misses you.
You hit the white imp but do no damage. The endoplasm freezes you.
You are frozen.
* * * LOW HITPOINT WARNING * * *
Natasha claws you.
* * * LOW HITPOINT WARNING * * *
The white imp closely misses you.
The crimson imp sputters.
You hit the white imp.
The white imp is moderately wounded.
The endoplasm closely misses you. Natasha claws you but does no damage.
The crimson imp misses you.
You miss the crimson imp. Natasha closely misses you.
Robin points. "Kill!"
The endoplasm freezes you.
You are frozen.
* * * LOW HITPOINT WARNING * * *
The crimson imp disappears for a moment.
The crimson imp closely misses you.
The endoplasm hits you but does no damage.
Natasha misses you.
You closely miss the crimson imp. The crimson imp barely misses you.
The crimson imp blinks!
The endoplasm hits you but does no damage.
Natasha claws you but does no damage.
You hit the crimson imp.
The crimson imp is lightly wounded.
The white imp disappears in a puff of smoke!
The crimson imp disappears in a puff of smoke!
The crimson imp blinks!
The endoplasm hits you.
You die...

###.##########)####......,,,<**
#...##### #.....#..###.,,,***
#.......#####)###.#....,,,,,,,,
###.#####.......#⌠#.......,,,,,*,
....# ##......###g.....g.,,,,,,
.#### #..........5......#,,,**,
## #.......§....§..,,*,,,,,,
#......§§h......,,*,*,*,*
#.......@J......,,*,,,,,,
#...............,,*,*,*,*
##..............,,,,,,,,,
##.....#.....##***,*,*,*
############# *,,,,,, *,*,*,*
*,,,,,, *******


You could see Robin, Natasha, a crimson imp (summoned) and an endoplasm.

Vanquished Creatures
  Natasha (twice) (D:2)
  2 adders (D:2)
  3 endoplasms
  12 goblins
  9 hobgoblins
  4 kobolds
  A quokka (D:1)
  5 ball pythons
  4 bats
  2 frilled lizards (D:1)
  A rat (D:1)
45 creatures vanquished.

Notes
Turn   | Place    | Note
-------+----------+-------------------------------------------
     0 | D:1      | nachturnus the Gargoyle Gladiator began the quest for the
                  | Orb.
     0 | D:1      | Reached XP level 1. HP: 12/12 MP: 1/1
    72 | D:1      | Reached XP level 2. HP: 15/18 MP: 2/2
   703 | D:1      | Reached XP level 3. HP: 19/22 MP: 3/3
   915 | D:1      | You fall into a shaft and drop 1 floor!
   952 | D:2      | Noticed Natasha
   966 | D:2      | Killed Natasha
   967 | D:2      | Reached skill level 4 in Maces & Flails
  1063 | D:2      | Reached XP level 4. HP: 19/27 MP: 4/4
  1196 | D:2      | Noticed Natasha
  1206 | D:2      | Killed Natasha
  1378 | D:2      | Reached skill level 5 in Maces & Flails
  1414 | D:2      | Found a runed translucent door.
  1415 | D:2      | Noticed Crazy Yiuf
  1501 | D:2      | Noticed Natasha
  1510 | D:2      | Noticed Robin
  1524 | D:2      | Reached XP level 5. HP: 16/31 MP: 5/5
  1539 | D:2      | HP: 1/31 [frozen (4)]
  1541 | D:2      | Slain by an endoplasm

Illustrated notes

Levels and vault maps discovered:
D:1:      minmay_arrival_wavy_path, layout_basic
D:2:      layout_rooms, ebering_ecumenical_altar_webs, serial_glass,
          glass_columns_c, glass_columns_a, due_unseen_surprise,
          item_on_display_a, feat_on_display, feat_on_display, uniq_natasha,
          uniq_crazy_yiuf_cottage, uniq_robin

Skill      XL: |  1  2  3  4 |
---------------+-------------+-----
Maces & Flails | 4 5 |  5.2
Fighting       | |  2.4
Throwing       | |  1.9
Dodging        | |  2.5

Action                   |  1- 3 |  4- 6 || total
-------------------------+-------+-------++-------
Melee: Flail             |    91 |    54 ||   145
       Punch             |     2 |       ||     2
  Use: Scroll            |       |     4 ||     4
 Stab: Sleeping          |     1 |       ||     1
Armor: Leather armour    |    38 |    34 ||    72
Dodge: Dodged            |    67 |    68 ||   135
